 Dungeon Crawl Stone Soup version 0.30-a0-605-gb2882149bf (webtiles) character file.

Game seed: 8453721583839645453

23482 blahman2 the Impaler (level 12, -1/113 HPs)
             Began as a Minotaur Fighter on Jan 7, 2023.
             Was an Initiate of Gozag.
             Slain by Saint Roka
             ... wielding a +2 battleaxe of freezing
              (11 damage)
             ... on level 2 of the Orcish Mines.
             The game lasted 01:42:41 (14249 turns).

blahman2 the Impaler (Minotaur Fighter)            Turns: 14249, Time: 01:42:41

Health: -1/113     AC: 28    Str: 26    XL:     12   Next: 72%
Magic:  11/11      EV: 11    Int:  5    God:    Gozag
Gold:   1734       SH:  0    Dex: 10    Spells: 11/11 levels left

rFire   . . .      SeeInvis +    n - +5 scythe (freeze)
rCold   . . .      Faith    .    (shield currently unavailable)
rNeg    . . .      Spirit   .    H - +3 crystal plate armour
rPois   .          Reflect  .    (helmet restricted)
rElec   .          Harm     .    q - +0 cloak
rCorr   .          Rampage  .    k - +0 pair of gloves
Will    .....                    (no boots) Stlth
                                 K - amulet of regeneration
HPRegen 1.18/turn                f - ring of see invisible
MPRegen 0.12/turn                J - +5 ring of evasion

@: gold aura
A: horns 2, retaliatory headbutt
a: Renounce Religion, Potion Petition, Call Merchant, Bribe Branch


You were on level 2 of the Orcish Mines.
You worshipped Gozag.
Gozag was most pleased with you.
You visited 3 branches of the dungeon, and saw 15 of its levels.
You also visited: Gauntlet.

You collected 3053 gold pieces.
You spent 1242 gold pieces at shops.
You paid 77 gold pieces to Gozag.

Inventory:

Hand Weapons
 a - a +0 war axe
 n - a +5 scythe of freezing (weapon)
 o - a +0 shortbow
 E - a +1 vampiric whip
 S - the +11 Singing Sword {sonic wave}
   (You found it on level 11 of the Dungeon)

   It radiates damaging sonic waves as it strikes, especially in combat
   involving dangerous or numerous foes.
Missiles
 x - a javelin (quivered)
 y - 32 poisoned darts
 C - 20 boomerangs
Armour
 c - a +0 buckler
 k - a +0 pair of gloves (worn)
 q - a +0 cloak (worn)
 H - a +3 crystal plate armour (worn)
Jewellery
 b - a +6 ring of intelligence
 d - an amulet of the acrobat
 f - a ring of see invisible (left hand)
 J - a +5 ring of evasion (right hand)
 K - an amulet of regeneration (around neck)
 U - a ring of poison resistance
 V - a ring of magical power
Wands
 B - a wand of digging (14)
 P - a wand of iceblast (14)
Scrolls
 e - a scroll of enchant weapon
 g - a scroll of magic mapping
 i - 13 scrolls of teleportation
 p - a scroll of vulnerability {unknown}
 r - 3 scrolls of fear
 t - a scroll of acquirement {unknown}
 v - 2 scrolls of noise {unknown}
 z - 4 scrolls of fog
 A - a scroll of blinking {unknown}
 G - 2 scrolls of poison {unknown}
 L - 2 scrolls of silence
 R - a scroll of summoning {unknown}
 W - a scroll of brand weapon {unknown}
 Z - a scroll of amnesia {unknown}
Potions
 h - 6 potions of attraction
 j - 4 potions of curing {unknown}
 l - 3 potions of magic {unknown}
 s - 8 potions of heal wounds
 u - 2 potions of berserk rage {unknown}
 w - 2 potions of mutation {unknown}
 D - 4 potions of cancellation {unknown}
 I - a potion of haste
 N - 4 potions of lignification
 O - a potion of flight {unknown}
 Q - a potion of degeneration {unknown}
 T - 3 potions of resistance {unknown}
 Y - a potion of brilliance {unknown}
Miscellaneous
 M - a lightning rod (4/4)


   Skills:
 + Level 12.4 Fighting
 + Level 4.8(11.8) Axes
 + Level 16.5(16.7) Polearms
 + Level 4.5 Ranged Weapons
 + Level 2.8 Throwing
 + Level 12.9 Armour
 + Level 2.8 Dodging
 + Level 2.6 Stealth
 + Level 4.5 Shields


You had 11 spell levels left.
You didn't know any spells.
Your spell library contained the following spells:

 Spells                   Type           Power      Damage    Failure   Level
 Beastly Appendage        Tmut           0%         N/A       100%        1
 Blink                    Tloc           0%         N/A       100%        2
 Wereblood                Tmut           0%         N/A       100%        2
 Spider Form              Tmut/Pois      0%         N/A       100%        3
 Teleport Other           Tloc           0%         N/A       100%        3
 Dispersal                Tloc           0%         N/A       100%        6


Dungeon Overview and Level Annotations

Branches:
Dungeon (12/15)            Temple (1/1) D:4             Orc (2/2) D:11
    Elf (0/3) Orc:2       Gauntlet (visited)
   Lair: D:8-11

Altars:
Cheibriados
Dithmenos
Elyvilon
Fedhas
Gozag
Hepliaklqana
Kikubaaqudgha
Nemelex Xobeh
Okawaru
Qazlal
Ru
Sif Muna
Uskayaw
Wu Jian
Xom
Yredelemnul
Zin
The Shining One

Shops:
D:2 =   D:5 :   D:7 *

Annotations:
Orc:2 Saint Roka


Innate Abilities, Weirdness & Mutations

You have a pair of horns on your head.
You reflexively headbutt those who attack you in melee.


Message History

Saint Roka mumbles some strange prayers to Beogh against you.
Beogh smites you!
You barely miss Saint Roka.
Saint Roka is lightly wounded.
You barely miss Saint Roka.
Saint Roka is lightly wounded.
The orc hits you from afar with a +0 trident.
The orc warrior hits you but does no damage.
Saint Roka hits you with a +2 battleaxe of freezing.
Saint Roka freezes you.
You hit Saint Roka but do no damage.
You headbutt Saint Roka, but do no damage.
Saint Roka is lightly wounded.
The orc hits you but does no damage.
The orc warrior hits you from afar with a +0 halberd!
Saint Roka mumbles some strange prayers to Beogh against you.
Beogh smites you!
You barely miss Saint Roka. You headbutt Saint Roka!
Saint Roka is moderately wounded.
You feel much better. The orc barely misses you.
The orc warrior hits you from afar with a +0 halberd!
Saint Roka calls out, "Only Beogh rules here!"
Saint Roka hits you with a +2 battleaxe of freezing.
Saint Roka freezes you.
You puncture Saint Roka! You freeze Saint Roka.
Your headbutt misses Saint Roka.
Saint Roka is moderately wounded.
The orc hits you but does no damage. The orc warrior barely misses you.
Saint Roka hits you with a +2 battleaxe of freezing!
Saint Roka freezes you.
You puncture Saint Roka! You freeze Saint Roka.
You headbutt Saint Roka, but do no damage.
Saint Roka is moderately wounded.
The orc hits you but does no damage. The orc warrior barely misses you.
Saint Roka says, "Down here, you're an orc or you're nobody."
Saint Roka hits you with a +2 battleaxe of freezing!!
* * * LOW HITPOINT WARNING * * *
Saint Roka freezes you!
You die...
Your body crumbles into a pile of gold.

$ ......#
...(.
..$....#..(.
$
.......(#..##
.>..........#
........((.#
$ #..$..oo.#
###..$o$..#
#....$@$..#
#..$....#.##
........# #
.......##
.$...#.
.....## ....
.... $


You could see Saint Roka, an orc warrior (strong) and an orc (strong).

Vanquished Creatures
  An orc warlord (D:11)
  A minotaur (Gauntlet)
  A hell beast (Gauntlet)
  3 death yaks (Gauntlet)
  A two-headed ogre (D:12)
  Nergalle (Orc:1)
  Amaemon (D:11)
  Pikel (D:8)
  An ugly thing (D:11)
  An orc sorcerer (Orc:1)
  3 cyclopes
  2 manticores
  2 gargoyles (D:10)
  An orange demon (D:11)
  2 unseen horrors
  A torpor snail (Gauntlet)
  5 trolls
  A raiju (Gauntlet)
  Sigmund (D:2)
  2 wraiths
  2 shadows (D:10)
  2 vampires (D:11)
  2 wyverns (D:9)
  21 yaks
  3 steam dragons
  4 vampire mosquitoes (D:11)
  4 wargs
  Menkaure (D:4)
  An acid dragon (D:11)
  14 orc warriors
  A water moccasin (D:6)
  2 ice beasts
  3 ogres
  7 black bears
  2 sky beasts
  4 centaurs
  3 kobold brigands
  A phantom (D:3)
  The ghost of BlueFish the Gusty, an amateur TeAE (D:3)
  Blork the orc (D:6)
  3 gnoll sergeants
  3 necrophages
  3 scorpions
  6 wights
  9 killer bees
  2 jellies
  9 orc priests
  A hound (D:6)
  3 gnoll boudas
  13 orc wizards
  Natasha (twice) (D:3)
  2 iguanas
  Robin (D:3)
  7 adders
  28 gnolls
  5 white imps
  2 ufetubi
  A worm (D:3)
  2 dart slugs
  55 orcs
  5 ball pythons
  11 bats
  4 endoplasms
  5 giant cockroaches
  18 goblins
  9 hobgoblins
  5 quokkas
  2 training dummies (D:7)
  9 frilled lizards
  19 kobolds
  9 rats
  A spectral goblin (D:4)
365 creatures vanquished.

Vanquished Creatures (others)
  21 fungi
  17 plants
38 creatures vanquished.

Grand Total: 403 creatures vanquished

Notes
Turn   | Place    | Note
-------+----------+-------------------------------------------
     0 | D:1      | blahman2 the Minotaur Fighter began the quest for the Orb.
     0 | D:1      | Reached XP level 1. HP: 19/19 MP: 0/0
   231 | D:1      | Reached XP level 2. HP: 27/27 MP: 1/1
   271 | D:1      | Found a faded altar of an unknown god.
   860 | D:1      | Reached XP level 3. HP: 30/33 MP: 2/2
  1415 | D:2      | Noticed Sigmund
  1420 | D:2      | Killed Sigmund
  1421 | D:2      | Reached skill level 1 in Dodging
  1421 | D:2      | Reached XP level 4. HP: 22/41 MP: 3/3
  1421 | D:2      | Reached XP level 5. HP: 25/47 MP: 4/4
  1510 | D:2      | Found Kaerhorhymuo's Jewellery Emporium.
  2130 | D:3      | Found a glowing golden altar of the Shining One.
  2517 | D:3      | Found a runed translucent gate.
  2518 | D:3      | Found a runed translucent gate.
  2518 | D:3      | Found a runed translucent gate.
  2519 | D:3      | Found an opulent altar of Gozag.
  2520 | D:3      | Noticed BlueFish's ghost (amateur TeAE)
  2520 | D:3      | Noticed a phantom
  2735 | D:3      | Found a sacrificial altar of Ru.
  2735 | D:3      | Found a basalt altar of Yredelemnul.
  2759 | D:3      | Reached skill level 1 in Polearms
  2915 | D:3      | Reached XP level 6. HP: 44/55 MP: 5/5
  3059 | D:4      | Noticed Robin
  3060 | D:4      | Noticed Natasha
  3073 | D:3      | Killed Robin
  3074 | D:3      | Killed Natasha
  3075 | D:3      | Reached skill level 2 in Polearms
  3216 | D:3      | Reached skill level 5 in Armour
  3275 | D:4      | Noticed Menkaure
  3424 | D:4      | Killed Menkaure
  3425 | D:4      | Reached skill level 5 in Fighting
  3425 | D:4      | Reached skill level 3 in Polearms
  3528 | D:4      | Found a hazy altar of Hepliaklqana.
  3531 | D:4      | Reached XP level 7. HP: 61/61 MP: 6/6
  3647 | D:4      | Found a staircase to the Ecumenical Temple.
  3660 | D:4      | Reached skill level 4 in Polearms
  3680 | Temple   | Entered the Ecumenical Temple
  3697 | Temple   | Became a worshipper of Gozag Ym Sagoz the Greedy
  3914 | D:5      | Entered Level 5 of the Dungeon
  3947 | D:5      | Found Ximacah's Self-Improvement Boutique.
  4055 | D:5      | Reached skill level 5 in Polearms
  4603 | D:5      | Reached skill level 6 in Polearms
  4636 | D:5      | Reached XP level 8. HP: 59/70 MP: 7/7
  5144 | D:6      | Reached skill level 7 in Polearms
  5264 | D:6      | Reached skill level 8 in Polearms
  5399 | D:6      | Noticed Blork the orc
  5405 | D:6      | Killed Blork the orc
  5450 | D:6      | Reached skill level 1 in Stealth
  6113 | D:7      | Found Ebloar's Gadget Gallery.
  6127 | D:7      | Reached skill level 9 in Polearms
  6127 | D:7      | Reached XP level 9. HP: 74/78 MP: 8/8
  6284 | D:7      | Found a hide-covered altar of Uskayaw.
  6289 | D:7      | Found a shadowy altar of Dithmenos.
  7368 | D:2      | Bought a +5 ring of evasion for 432 gold pieces
  7368 | D:2      | Bought an amulet of regeneration for 360 gold pieces
  7431 | D:3      | Noticed Natasha
  7455 | D:3      | Killed Natasha
  7510 | D:3      | Killed BlueFish's ghost
  7522 | D:3      | Reached skill level 10 in Polearms
  7764 | D:8      | Noticed a cyclops
  7772 | D:8      | Killed a cyclops
  7934 | D:8      | Noticed Pikel
  7942 | D:8      | Killed Pikel
  7943 | D:8      | Reached skill level 11 in Polearms
  7982 | D:8      | Reached XP level 10. HP: 76/88 MP: 9/9
  8051 | D:8      | Noticed a manticore
  8062 | D:8      | Killed a manticore
  8728 | D:9      | Reached skill level 12 in Polearms
  8736 | D:9      | Reached skill level 1 in Throwing
  8812 | D:9      | Reached skill level 13 in Polearms
  8989 | D:7      | Bought a lightning rod (4/4) for 450 gold pieces
  9033 | D:9      | Found a stormy altar of Qazlal.
  9128 | D:9      | Found a blossoming altar of Fedhas.
  9245 | D:9      | Reached skill level 10 in Armour
  9352 | D:9      | Found an iron altar of Okawaru.
  9677 | D:10     | Entered Level 10 of the Dungeon
  9783 | D:10     | Reached XP level 11. HP: 97/97 MP: 10/10
  9833 | D:10     | Found a glowing silver altar of Zin.
  9911 | D:10     | Reached skill level 14 in Polearms
 10489 | D:10     | Reached skill level 10 in Fighting
 10489 | D:10     | Reached skill level 1 in Ranged Weapons
 10732 | D:11     | Noticed a cyan ugly thing
 10743 | D:11     | Killed a cyan ugly thing
 10931 | D:11     | Found a staircase to the Orcish Mines.
 11261 | D:11     | Noticed Amaemon
 11279 | D:11     | Killed Amaemon
 11364 | D:11     | Reached skill level 15 in Polearms
 11685 | D:11     | Found the +11 Singing Sword {sonic wave}
 12035 | D:12     | Found a gate leading to a gauntlet.
 12041 | Gauntlet | Entered a Gauntlet
 12041 | Gauntlet | Found a transporter.
 12041 | Gauntlet | Found a transporter.
 12041 | Gauntlet | Found a transporter.
 12047 | Gauntlet | Found a transporter.
 12047 | Gauntlet | Found a transporter.
 12048 | Gauntlet | Found a transporter.
 12049 | Gauntlet | Noticed a hell beast
 12064 | Gauntlet | Found a transporter.
 12066 | Gauntlet | Found a transporter.
 12071 | Gauntlet | Noticed a death yak
 12074 | Gauntlet | Noticed a death yak
 12076 | Gauntlet | Noticed a death yak
 12080 | Gauntlet | Found a transporter.
 12192 | Gauntlet | Found a transporter.
 12192 | Gauntlet | Found a transporter.
 12208 | Gauntlet | Found a transporter.
 12209 | Gauntlet | Noticed an obsidian statue
 12409 | Gauntlet | Killed a hell beast
 12457 | Gauntlet | Killed a death yak
 12458 | Gauntlet | Reached XP level 12. HP: 90/110 MP: 11/11
 12463 | Gauntlet | Killed a death yak
 12499 | Gauntlet | Killed a death yak
 12805 | Gauntlet | Identified the +7 dagger of Truncation {heavy, +Blink Str-5
                  | Dex+3}
 12805 | Gauntlet | Noticed a minotaur
 12816 | Gauntlet | Killed a minotaur
 12847 | Gauntlet | Got the Papyrus of the Compass
 12874 | D:12     | Noticed a two-headed ogre
 12887 | D:12     | Killed a two-headed ogre
 12888 | D:12     | Reached skill level 16 in Polearms
 13626 | Orc:1    | Entered Level 1 of the Orcish Mines
 13626 | Orc:1    | Noticed an orc warlord
 13749 | D:11     | Killed an orc warlord
 13881 | Orc:1    | Noticed Nergalle
 13910 | Orc:1    | Killed Nergalle
 14138 | Orc:2    | Entered Level 2 of the Orcish Mines
 14138 | Orc:2    | Noticed Saint Roka
 14138 | Orc:2    | Found a staircase to the Elven Halls.
 14249 | Orc:2    | Slain by Saint Roka

Illustrated notes

Levels and vault maps discovered:
D:1:      tarquinn_simple_flora_water_c, layout_basic,
          shapermc_ecumenical_altar_ellora, minmay_misc_feat_more_columns
D:2:      minmay_recursive_quarters, layout_basic, serial_shops,
          nicolae_lakefront_shop, uniq_sigmund
D:3:      layout_loops_ring, tso_metal_star, jmf_multi_god_temple,
          ebering_ghost_gozag
D:4:      layout_rooms, nicolae_hepliaklqana_monster_ancestors,
          minmay_temple_entry_ruins, nrook_loot_triangle, uniq_robin,
          uniq_natasha, uniq_menkaure
D:5:      layout_loops_ring, nicolae_shop_self_help
D:6:      layout_basic, kennysheep_big_empty_room,
          hangedman_abyss_or_decor_stagger, uniq_blork_the_orc
D:7:      dreamdust_elfheim, layout_cave_pools, minitemple, nicolae_shop_gadgets
D:8:      layout_basic, uniq_pikel
D:9:      layout_basic, mainiacjoe_overflow_24_doors, fedhas_ov_isle_minmay,
          mainiacjoe_overflow_cross_hatched, grunt_lair_entry_orc_guard_hut
D:10:     layout_loops_ring, zin_scriptorium, kennysheep_generic_room_15
D:11:     old_forge, layout_irregular_city, minmay_orc_entry_guard_dogs,
          uniq_amaemon
D:12:     layout_loops_ring, gauntlet_entry_generic
Temple:   chequers_temple_sunken
Orc:1:    layout_diamond_mine, uniq_nergalle
Orc:2:    st_orc_ogre_mass, layout_diamond_mine, elves_outpost_lemuel,
          uniq_sonja, uniq_saint_roka

Skill      XL: |  1  2  3  4  5  6  7  8  9 10 11 12 |
---------------+-------------------------------------+-----
Fighting       | 4 5 6 8 9 11 12 | 12.4
Shields        | 4 |  4.5
Armour         | 4 5 6 7 9 10 11 12 | 12.9
Axes           | 4 |  4.8
Dodging        | 1 2 |  2.8
Polearms       | 1 3 6 9 11 13 15 16 | 16.5
Stealth        | 1 2 |  2.6
Throwing       | 2 |  2.8
Ranged Weapons | 2 4 |  4.5

Action                   |  1- 3 |  4- 6 |  7- 9 | 10-12 || total
-------------------------+-------+-------+-------+-------++-------
Melee: War axe           |    68 |       |       |       ||    68
       Headbutt          |     6 |    11 |    42 |    85 ||   144
       Halberd           |       |    82 |   219 |   478 ||   779
 Fire: Shortbow          |       |       |       |    30 ||    30
Throw: Dart              |       |       |     3 |    28 ||    31
       Javelin           |       |       |       |     1 ||     1
  Use: Scroll            |       |     2 |     6 |     8 ||    16
       Potion            |       |       |       |     3 ||     3
 Stab: Distracted        |       |       |     2 |     2 ||     4
       Invisible         |       |       |       |     2 ||     2
Armor: Scale mail        |    25 |       |    34 |       ||    59
       Chain mail        |    13 |    96 |    19 |       ||   128
       Crystal plate arm |       |       |   109 |   283 ||   392
Dodge: Dodged            |    21 |    66 |   126 |   264 ||   477
Block: Buckler           |    14 |       |       |       ||    14

Table legend: (Time is in decaauts)
 A = Elapsed time spent in this place.
 B = Non-inter-level travel time spent in this place.
 C = Inter-level travel time spent in this place.
 D = Time resting spent in this place.
 E = Time spent auto-exploring this place.
 F = Levels seen in this place.
 G = Mean time per level.
                   A        B        C        D        E       F      G
               +--------+--------+--------+--------+--------+-----+--------+
         Total |  14241 |  14240 |      1 |   1211 |      0 |  16 |  890.1 |
       Dungeon |  12952 |  12951 |      1 |    946 |      0 |  12 | 1079.3 |
        Temple |     39 |     39 |      0 |      0 |      0 |   1 |   39.0 |
  Orcish Mines |    437 |    437 |      0 |     54 |      0 |   2 |  218.5 |
      Gauntlet |    811 |    811 |      0 |    211 |      0 |   1 |  811.0 |
               +--------+--------+--------+--------+--------+-----+--------+

Top non-repeatable levels by time:
     D:3: 1530 daAuts
    D:11: 1440 daAuts
     D:2: 1233 daAuts
     D:6: 1221 daAuts
     D:8: 1122 daAuts
     D:7: 1108 daAuts
     D:1: 1063 daAuts
     D:5: 1045 daAuts
    D:10: 938 daAuts
    D:12: 867 daAuts
Gauntlet: 811 daAuts
     D:9: 805 daAuts
     D:4: 575 daAuts
   Orc:1: 404 daAuts
  Temple: 39 daAuts
